 Dungeon Crawl Stone Soup version 0.28.0 (webtiles) character file.

Game seed: 14727113772097509151

248815 browni3141 the Hoplite (level 18, -25/229 HPs)
             Began as a Minotaur Berserker on Feb 17, 2022.
             Was a High Priest of Trog.
             Annihilated by an acid blob (31 damage)
             ... on level 5 of the Pits of Slime.
             The game lasted 00:31:41 (33123 turns).

browni3141 the Hoplite (Minotaur Berserker)        Turns: 33123, Time: 00:31:42

Health: -25/229    AC: 12    Str: 28    XL:     18   Next: 86%
Magic:  10/17      EV: 10    Int:  4    God:    Trog [*****.]
Gold:   26         SH: 30    Dex: 12    Spells: 17/17 levels left

rFire   . . .      SeeInvis .   q - +9 broad axe (vorpal)
rCold   + + +      Faith    .   t - +8 tower shield {reflect}
rNeg    . . .      Spirit   .   s - +0 ice dragon scales
rPois   .          Reflect  +   (helmet restricted)
rElec   .          Harm     .   X - scarf {rC+ rF+}
rCorr   +          Rampage  .   i - +1 pair of gloves {hurl}
Will    ++...      Rage     1%  B - +2 pair of boots
Stlth   ..........              g - amulet of regeneration
HPRegen 1.28/turn               M - ring of willpower
MPRegen 0.15/turn               R - ring of resist corrosion

@: berserking, corroded, unable to read, very quick
A: horns 2, retaliatory headbutt, talons 1, iridescent scales 1, agile 1,
berserk 1, frail 1, weak 1, inability to read while threatened
}: 2/15 runes: decaying, serpentine
a: Renounce Religion, Berserk, Trog's Hand, Brothers in Arms


You were on level 5 of the Pits of Slime.
You worshipped Trog.
Trog was extremely pleased with you.
You visited 6 branches of the dungeon, and saw 36 of its levels.

You collected 3105 gold pieces.
You spent 3079 gold pieces at shops.


Innate Abilities, Weirdness & Mutations

You have a pair of horns on your head.
You reflexively headbutt those who attack you in melee.
You have sharp toenails.
You are partially covered in iridescent scales. (AC +2)
You are agile. (Dex +2)
You tend to lose your temper in combat.
You are frail. (-10% HP)
You are weak. (Str -2)
You sometimes lose the ability to read scrolls when taking damage.


   Skills:
 + Level 17.8 Fighting
 - Level 18.0 Axes
 + Level 10.6 Throwing
 + Level 17.6 Armour
 - Level 2.1 Dodging
 * Level 23.2 Shields
 + Level 8.6 Evocations


You had 17 spell levels left.
You didn't know any spells.
Your spell library was empty.

Inventory:

Hand Weapons
 q - a +9 vorpal broad axe (weapon)
Missiles
 o - 8 curare-tipped darts {@f4}
 H - a throwing net
 I - 7 javelins (quivered)
Armour
 a - a +3 plate armour of fire resistance
 i - a +1 pair of gloves of hurling (worn)
 s - +0 ice dragon scales (worn)
 t - a +8 tower shield of reflection (worn)
 B - a +2 pair of boots (worn)
 U - a +2 hat
 W - a +3 plate armour of cold resistance
 X - a scarf of resistance (worn)
Jewellery
 g - an amulet of regeneration (around neck)
 r - the ring "Ywympaem" {Fire rCorr Int+4}
   (You found it on level 11 of the Dungeon)

   [ring of fire]

   It enhances your fire magic.
   Int:       It affects your intelligence (+4).
   rF:        It protects you from fire.
   rC:        It makes you vulnerable to cold.
   rCorr:     It protects you from acid and corrosion.
 v - a ring of see invisible
 C - a ring of ice
 M - a ring of willpower (left hand)
 P - a ring of poison resistance {@f3}
 R - a ring of resist corrosion (right hand)
Wands
 m - a wand of flame (60)
 y - a wand of digging (9)
 E - a wand of iceblast (9)
 L - a wand of charming (6)
 S - a wand of acid (3)
 Z - a wand of paralysis (18)
Scrolls
 e - 14 scrolls of teleportation {@r4}
 h - 6 scrolls of immolation {!r}
 j - 4 scrolls of vulnerability {!r}
 l - 2 scrolls of enchant weapon
 p - 5 scrolls of fog {@r5}
 w - 10 scrolls of fear
 x - 2 scrolls of noise {!r}
 z - 2 scrolls of silence {!r}
 J - 3 scrolls of magic mapping
 Q - 3 scrolls of holy word
 T - 4 scrolls of brand weapon
Potions
 b - 2 potions of invisibility
 c - 3 potions of magic {unknown}
 d - 5 potions of degeneration {unknown}
 f - 9 potions of curing {@q1}
 k - 3 potions of flight {unknown}
 n - 6 potions of brilliance
 u - 5 potions of haste {unknown}
 D - 4 potions of cancellation
 F - 4 potions of lignification {!q}
 K - 3 potions of heal wounds {@q2}
 Y - 2 potions of might
Miscellaneous
 G - a box of beasts
 N - a tin of tremorstones (inert) {@f1}
 O - a condenser vane
 V - a phantom mirror

Dungeon Overview and Level Annotations

Branches:
Dungeon (15/15)            Temple (0/1) D:5            Lair (6/6) D:8
  Swamp (4/4) Lair:3        Snake (4/4) Lair:2        Slime (5/5) Lair:5
    Orc (2/2) D:12            Elf (0/3) Orc:2        Vaults (0/5) D:14
 Depths (0/4) D:15

Altars:
Dithmenos
Okawaru
Qazlal
Trog
Beogh
Jiyva

Shops:
D:10 [   Orc:1 *   Orc:2 (:*(

Annotations:
D:3 1 runed translucent door, Lobster4's ghost, amateur HuWn
D:6 1 runed translucent door
Swamp:2 Roxanne

######.#### ....#....#.##
.............##
...............#
................##
..................#
..................#
................@.####
...............JJJ.#.# #
.....................#..
.........................#
.........................#
..........................
..........................
.......................J..
¦¦¦¦.¦¦¦¦.................


You could see 4 acid blobs.


Message History

* * * LOW HITPOINT WARNING * * *
The acid blob spits acid at you.
The splash of acid hits you but does no damage.
The acid corrodes you!
You hit the acid blob.
Your hands burn!
* * * LOW HITPOINT WARNING * * *
The acid blob is lightly wounded.
You barely miss the acid blob. You completely miss the acid blob.
The acid blob completely misses you. You block the acid blob's attack.
The acid blob spits acid at you. The splash of acid hits you! You resist.
* * * LOW HITPOINT WARNING * * *
You barely miss the acid blob. You headbutt the acid blob.
The acid blob is almost dead.
You slash the acid blob!
Your hands burn!
* * * LOW HITPOINT WARNING * * *
You hit the acid blob.
Your hands burn!
* * * LOW HITPOINT WARNING * * *
The acid blob spits acid at you. The splash of acid hits you! You resist.
* * * LOW HITPOINT WARNING * * *
You slash the acid blob!
You feel the power of Trog in you as your rage grows.
You kill the acid blob!
That felt strangely unrewarding.
You slash the acid blob!
Your hands burn!
* * * LOW HITPOINT WARNING * * *
You slice the acid blob!!
Your hands burn!
* * * LOW HITPOINT WARNING * * *
The acid blob hits you!!
You die...

Skill      XL: |  1  2  3  4  5  6  7  8  9 10 11 12 13 14 15 16 17 18 |
---------------+-------------------------------------------------------+-----
Axes           | 4 5 6 7 8 9 11 12 14 15 17 18 | 18.0
Fighting       | 4 5 6 7 8 9 10 11 12 14 15 16 17 | 17.8
Armour         | 3 4 5 6 7 9 10 11 12 14 15 16 17 | 17.6
Shields        | 3 6 8 10 12 14 16 18 19 20 22 23 | 23.2
Evocations     | 3 5 7 8 |  8.6
Throwing       | 5 8 10 | 10.6
Dodging        | |  2.1

Action                   |  1- 3 |  4- 6 |  7- 9 | 10-12 | 13-15 | 16-18 || total
-------------------------+-------+-------+-------+-------+-------+-------++-------
Melee: Hand axe          |    66 |    73 |       |       |       |       ||   139
       Headbutt          |     8 |    16 |    49 |    78 |   219 |   262 ||   632
       Punch             |       |     2 |       |       |       |       ||     2
       Battleaxe         |       |    66 |   226 |   425 |   630 |       ||  1347
       Broad axe         |       |       |       |       |   316 |   974 ||  1290
Throw: Javelin           |       |       |       |       |       |     3 ||     3
Invok: Berserk           |     1 |     4 |     4 |    11 |    27 |    24 ||    71
       Trog's Hand       |       |       |       |     5 |     5 |     6 ||    16
       Brothers in Arms  |       |       |       |     2 |     1 |     5 ||     8
Evoke: Tin of tremorston |       |       |       |       |       |     4 ||     4
       Phantom mirror    |       |       |       |       |       |     1 ||     1
  Use: Scroll            |       |       |       |       |    19 |    19 ||    38
       Potion            |       |       |       |       |       |     3 ||     3
 Stab: Sleeping          |       |     2 |       |       |       |       ||     2
       Invisible         |       |       |       |     1 |       |       ||     1
       Distracted        |       |       |       |       |       |     1 ||     1
Armor: Animal skin       |    13 |    11 |       |       |       |       ||    24
       Plate armour      |       |    45 |   181 |   382 |   633 |   267 ||  1508
       Leather armour    |       |     8 |       |       |       |       ||     8
       Ice dragon scales |       |       |       |       |       |    70 ||    70
       Skin              |       |       |       |       |       |    15 ||    15
Dodge: Dodged            |    59 |    65 |   101 |   238 |   333 |   158 ||   954
Block: Tower shield      |       |       |       |       |   301 |   988 ||  1289
       Reflection        |       |       |       |       |       |    87 ||    87

Levels and vault maps discovered:
D:1:      minmay_arrival_doors, layout_basic,
          dreamdust_ecumenical_altar_statues, minmay_crystal_water
D:2:      layout_rooms, serial_aquarium, aquarium_bridge_long_separate
          [aquarium_subvault_bridge, aquarium_subvault_bridge,
          aquarium_subvault_wall, aquarium_subvault_bridge,
          aquarium_subvault_wall, aquarium_subvault_bridge],
          aquarium_bridge_square [aquarium_subvault_window,
          aquarium_subvault_bridge, aquarium_subvault_window,
          aquarium_subvault_wall], aquarium_window_fake,
          aquarium_window_corridor_3, aquarium_window_corner, aquarium_view_2f,
          aquarium_view_2e, uniq_jessica
D:3:      layout_loops_corners, mainiacjoe_overflow_catwalk,
          gammafunk_ghost_grave, gup_sewer_entry_spiral
D:4:      layout_cave_pods
D:5:      layout_basic, temple_green, grunt_decor_arrowhead
D:6:      lemuel_insect_pit, layout_basic
D:7:      layout_loops_ring
D:8:      layout_rooms, minmay_lair_entry_grove, grunt_ministairs_8,
          grunt_livestock, ebering_dispersal_statue_hall, nzn_life_drinkers,
          uniq_psyche, uniq_pikel
D:9:      layout_stronghold, minmay_increasing_density
D:10:     layout_stronghold, serial_shops, shop
D:11:     layout_basic, gammafunk_ghost_icy, corexii_checkpoint_a
D:12:     layout_cave_pools, orc_0_dummy, grunt_qazlal_clouds
D:13:     layout_basic, nicolae_figureground_sparkle, uniq_rupert
D:14:     layout_basic, david_vaults_4, lemuel_tele_altar
D:15:     grunt_enter_depths_snipers, layout_loops_ring,
          okawaru_metal_pillars_1_2
Lair:1:   layout_misc_corridors, serial_forest,
          infiniplex_forest_clump_diagonal, infiniplex_forest_clump_small,
          infiniplex_forest_lined_room_2, infiniplex_forest_lined_3_way,
          infiniplex_forest_end_1, infiniplex_forest_split,
          infiniplex_forest_end_3, grunt_forest_small_clearings, uniq_gastronok
Lair:2:   nzn_winding_woodlands_three_and_one
          [nzn_winding_woodlands_5x15_pathside_ponds,
          nzn_winding_woodlands_5x15_crooked, nzn_winding_woodlands_5x15_cabin,
          nzn_winding_woodlands_center_garden], layout_loops_ring,
          small_statue_intersection
Lair:3:   layout_cave_pods, minmay_swamp_entry_reptiles
Lair:4:   mu_elephants_graveyard, layout_small_grid, gauntlet_entry_generic,
          beast_lair_carwin_10, grunt_megastairs_2
Lair:5:   minmay_guarded_unrand_snakebite, layout_gridlike, slime_altar_1
Lair:6:   hangedman_lair_caniforms_friends, layout_gridlike,
          hangedman_lair_in_review, lemuel_fruit_fields, uniq_urug, uniq_kirke
Swamp:1:  cheibrodos_swamp_monstrosity, layout_basic_swamp,
          evilmike_swamp_ruin_house_6
Swamp:2:  layout_falls_marsh, evilmike_swamp_ruin_house_5, uniq_roxanne
Swamp:3:  layout_basic_swamp, lemuel_altar_in_water, swamp_pool1,
          infiniplex_staircase_pool_2
Swamp:4:  swamp_old_school, layout_basic_swamp
Snake:1:  layout_grid_maze, ebering_ghost_reflecting_pool,
          nicolae_snake_double_loop
Snake:2:  layout_misc_corridors, minmay_shop_star
Snake:3:  layout_misc_corridors, nicolae_snake_gridmaze_squiggle,
          nicolae_snake_bzzzt
Snake:4:  johnstein_snake_rune_scales, layout_layer_cave, uniq_aizul,
          uniq_vashnia, uniq_donald
Slime:1:  layout_caves
Slime:2:  layout_caves
Slime:3:  layout_caves
Slime:4:  layout_caves
Slime:5
Orc:1:    layout_caves, serial_shops, nicolae_shop_stone, basic_altar,
          uniq_josephine
Orc:2:    st_orc_open, layout_caves

Notes
Turn   | Place    | Note
-------+----------+-------------------------------------------
     0 | D:1      | browni3141 the Minotaur Berserker began the quest for the
                  | Orb.
     0 | D:1      | Reached XP level 1. HP: 19/19 MP: 0/0
   256 | D:1      | Reached skill level 4 in Axes
   281 | D:1      | Reached XP level 2. HP: 20/27 MP: 1/1
   751 | D:1      | Found a faded altar of an unknown god.
  1082 | D:2      | Reached skill level 4 in Fighting
  1269 | D:2      | Reached skill level 3 in Armour
  1269 | D:2      | Reached XP level 3. HP: 29/33 MP: 2/2
  2075 | D:2      | Noticed Jessica
  2084 | D:2      | Killed Jessica
  2084 | D:2      | Reached ** piety under Trog
  2085 | D:2      | Reached skill level 5 in Axes
  2085 | D:2      | Reached XP level 4. HP: 36/41 MP: 3/3
  2688 | D:3      | Reached XP level 5. HP: 45/47 MP: 4/4
  3128 | D:3      | Reached skill level 6 in Axes
  3128 | D:3      | Reached skill level 4 in Armour
  3185 | D:3      | Noticed an orc warrior
  3219 | D:3      | Killed an orc warrior
  3220 | D:3      | Reached skill level 5 in Fighting
  3220 | D:3      | Reached XP level 6. HP: 56/56 MP: 5/5
  3290 | D:3      | Found a runed translucent door.
  3294 | D:3      | Noticed Lobster4's ghost (amateur HuWn)
  3542 | D:3      | Found a shadowy altar of Dithmenos.
  3832 | D:3      | Reached *** piety under Trog
  3899 | D:4      | HP: 6/84 [ogre (13)]
  3901 | D:4      | Reached skill level 7 in Axes
  3901 | D:4      | Reached skill level 5 in Armour
  4375 | D:4      | Reached XP level 7. HP: 59/61 MP: 6/6
  4597 | D:4      | Reached skill level 1 in Shields
  4606 | D:4      | Reached skill level 2 in Shields
  4777 | D:4      | Reached skill level 6 in Fighting
  5106 | D:5      | Entered Level 5 of the Dungeon
  5416 | D:5      | Found a staircase to the Ecumenical Temple.
  5570 | D:5      | Reached skill level 8 in Axes
  5691 | D:5      | Reached skill level 3 in Shields
  5818 | D:6      | Found a runed translucent door.
  5820 | D:6      | Found a runed translucent door.
  5820 | D:6      | Noticed a vampire mosquito
  5892 | D:6      | Reached **** piety under Trog
  5893 | D:6      | Reached XP level 8. HP: 71/71 MP: 7/7
  5896 | D:6      | Reached skill level 4 in Shields
  5900 | D:6      | Reached skill level 6 in Armour
  5905 | D:6      | Reached skill level 5 in Shields
  5906 | D:6      | Reached skill level 9 in Axes
  6014 | D:6      | Reached skill level 7 in Fighting
  6141 | D:6      | Reached skill level 6 in Shields
  6186 | D:6      | Reached XP level 9. HP: 79/79 MP: 8/8
  6445 | D:6      | Reached skill level 10 in Axes
  6625 | D:7      | Reached skill level 7 in Armour
  6631 | D:7      | Reached skill level 7 in Shields
  7283 | D:7      | Reached skill level 8 in Fighting
  7421 | D:7      | Reached skill level 8 in Shields
  7460 | D:8      | Noticed a two-headed ogre
  7466 | D:8      | Killed a two-headed ogre
  7467 | D:8      | Reached skill level 11 in Axes
  7467 | D:8      | Reached XP level 10. HP: 89/89 MP: 9/9
  7482 | D:8      | Reached skill level 8 in Armour
  7483 | D:8      | Reached skill level 9 in Shields
  7835 | D:8      | Found a staircase to the Lair.
  7911 | D:8      | Noticed Psyche
  7915 | D:8      | Killed Psyche
  7916 | D:8      | Reached skill level 12 in Axes
  7928 | D:8      | Noticed Pikel
  7944 | D:8      | Killed Pikel
  7945 | D:8      | Reached skill level 9 in Fighting
  8190 | D:8      | Reached skill level 10 in Shields
  8789 | D:9      | Reached skill level 9 in Armour
  9012 | D:9      | Noticed a two-headed ogre
  9019 | D:9      | Killed a two-headed ogre
  9020 | D:9      | Reached XP level 11. HP: 97/97 MP: 10/10
  9550 | D:9      | Reached skill level 13 in Axes
  9596 | D:9      | Reached skill level 11 in Shields
  9781 | D:10     | Entered Level 10 of the Dungeon
  9803 | D:10     | Found Xuges's Antique Armour Emporium.
 10767 | Lair:1   | Entered Level 1 of the Lair of Beasts
 11059 | Lair:1   | Noticed a four-headed hydra
 11067 | Lair:1   | Killed an eight-headed hydra
 11068 | Lair:1   | Reached skill level 10 in Fighting
 11253 | Lair:1   | Noticed Gastronok
 11263 | Lair:1   | Killed Gastronok
 11264 | Lair:1   | Reached skill level 12 in Shields
 11268 | Lair:1   | Reached skill level 14 in Axes
 11272 | Lair:1   | Reached ***** piety under Trog
 11280 | Lair:1   | HP: 8/101 [yak (9)]
 11283 | Lair:1   | Reached skill level 10 in Armour
 11780 | Lair:2   | You fall into a shaft and drop 1 floor!
 11983 | Lair:2   | Reached XP level 12. HP: 91/108 MP: 11/11
 12380 | Lair:2   | Noticed a four-headed hydra
 12392 | Lair:2   | Reached skill level 13 in Shields
 12399 | Lair:2   | Killed a ten-headed hydra
 12408 | Lair:2   | Reached skill level 11 in Fighting
 12473 | Lair:2   | Identified the +2 halberd "Farchujav" {antimagic, Int+3}
 12513 | Lair:2   | Reached skill level 15 in Axes
 12864 | Lair:2   | Found a staircase to the Snake Pit.
 13094 | Lair:2   | Received a gift from Trog
 13259 | Lair:3   | Reached skill level 11 in Armour
 13457 | Lair:3   | Reached skill level 14 in Shields
 13597 | Lair:3   | Found a staircase to the Swamp.
 13768 | Lair:3   | Reached XP level 13. HP: 101/117 MP: 12/12
 13840 | Lair:3   | Reached skill level 16 in Axes
 14294 | Lair:4   | HP: 12/175 [black mamba (13)]
 14300 | Lair:4   | HP: 7/117 [blink frog (3)]
 14421 | Lair:4   | Reached skill level 12 in Fighting
 14446 | Lair:4   | Reached skill level 15 in Shields
 14661 | Lair:4   | Noticed a dire elephant
 14684 | Lair:4   | Killed a dire elephant
 14685 | Lair:4   | Reached skill level 12 in Armour
 14800 | Lair:4   | Reached skill level 17 in Axes
 15608 | Lair:4   | Identified the +4 hunting sling "Noulabbicry" {vorpal,
                  | Will- rCorr Int+4}
 15780 | Lair:5   | Found a viscous altar of Jiyva.
 15780 | Lair:5   | Found a staircase to the Slime Pits.
 15874 | Lair:5   | Reached skill level 16 in Shields
 16192 | Lair:5   | Reached XP level 14. HP: 106/127 MP: 13/13
 16229 | Lair:5   | Found the +8 whip "Snakebite" {venom, curare, rPois}
 16532 | Lair:6   | Entered Level 6 of the Lair of Beasts
 16910 | Lair:6   | Noticed Urug
 16923 | Lair:6   | Killed Urug
 16944 | Lair:6   | Reached skill level 13 in Fighting
 17406 | Lair:6   | Received a gift from Trog
 17407 | Lair:6   | Reached skill level 18 in Axes
 17407 | Lair:6   | Reached skill level 13 in Armour
 18006 | Lair:6   | Reached skill level 17 in Shields
 18031 | Lair:6   | Noticed Kirke
 18034 | Lair:6   | Noticed a sphinx
 18044 | Lair:6   | Noticed a sphinx
 18046 | Lair:6   | Killed Kirke
 19300 | D:11     | Found a runed translucent gate.
 19300 | D:11     | Found a runed translucent gate.
 19300 | D:11     | Found a runed translucent gate.
 19331 | D:11     | Noticed agentgt's ghost (novice CeCK)
 19395 | D:11     | Reached skill level 14 in Fighting
 19676 | D:11     | Killed agentgt's ghost
 19688 | D:11     | Reached skill level 18 in Shields
 19739 | D:11     | Got the ring "Ywympaem" {Fire rCorr Int+4}
 19786 | D:12     | Found a stormy altar of Qazlal.
 19804 | D:12     | Reached skill level 14 in Armour
 19830 | D:12     | Reached XP level 15. HP: 84/138 MP: 14/14
 19961 | D:12     | Received a gift from Trog
 20322 | D:12     | Found a staircase to the Orcish Mines.
 20611 | D:12     | Identified a scroll of acquirement
 20612 | D:12     | Acquired a +0 pair of gloves of hurling
 21013 | Orc:1    | Entered Level 1 of the Orcish Mines
 21049 | Orc:1    | Reached skill level 1 in Evocations
 21181 | Orc:2    | Entered Level 2 of the Orcish Mines
 21200 | Orc:2    | Reached skill level 1 in Throwing
 21200 | Orc:2    | Noticed an orc warlord
 21214 | Orc:2    | Killed an orc warlord
 21412 | Orc:2    | Found Iclesud's Assorted Antiques.
 21419 | Orc:2    | Reached skill level 2 in Throwing
 21438 | Orc:2    | Reached skill level 3 in Throwing
 21438 | Orc:2    | Reached skill level 2 in Evocations
 21438 | Orc:2    | Found Kiliecw's Antique Weapon Emporium.
 21471 | Orc:2    | Reached skill level 19 in Shields
 21537 | Orc:2    | Found Ehukaeck's Antique Weapon Boutique.
 21539 | Orc:2    | Bought a scroll of identify for 64 gold pieces
 21547 | Orc:2    | Found Rumoz's Book Shoppe.
 21632 | Orc:2    | Found a staircase to the Elven Halls.
 21773 | Orc:1    | Found Vugucu's Assorted Antiques.
 21809 | Orc:1    | Reached skill level 4 in Throwing
 21833 | Orc:1    | Bought a scroll of identify for 46 gold pieces
 21833 | Orc:1    | Bought a scroll labelled YXIYLU ERPHUOL for 23 gold pieces
 21833 | Orc:1    | Bought a phantom mirror for 920 gold pieces
 21833 | Orc:1    | Bought a scroll of identify for 46 gold pieces
 21917 | Orc:1    | Noticed Josephine
 21923 | Orc:1    | Reached ****** piety under Trog
 21931 | Orc:1    | Killed Josephine
 21973 | Orc:1    | Received a gift from Trog
 22271 | D:13     | Noticed Rupert
 22280 | D:13     | Killed Rupert
 22281 | D:13     | Reached skill level 3 in Evocations
 22554 | D:13     | Reached skill level 15 in Fighting
 22699 | D:13     | Identified the +1 robe of the Neverending Friars {Str+10}
 22742 | D:13     | Reached skill level 5 in Throwing
 23624 | D:14     | Reached skill level 15 in Armour
 23731 | D:14     | Reached XP level 16. HP: 149/149 MP: 15/15
 23750 | D:14     | Found a gate to the Vaults.
 24203 | D:14     | Found a bloodstained altar of Trog.
 24257 | D:15     | Entered Level 15 of the Dungeon
 24282 | D:15     | Reached skill level 6 in Throwing
 24752 | D:15     | Found a staircase to the Depths.
 24757 | D:15     | Reached skill level 4 in Evocations
 24788 | D:15     | Found an iron altar of Okawaru.
 25634 | Swamp:1  | Entered Level 1 of the Swamp
 25707 | Swamp:2  | Noticed Roxanne
 25729 | Swamp:2  | Reached skill level 20 in Shields
 25781 | Swamp:3  | Reached skill level 7 in Throwing
 26099 | Swamp:4  | Entered Level 4 of the Swamp
 26154 | Swamp:4  | Received a gift from Trog
 26250 | Swamp:4  | Gained mutation: You are agile. (Dex +2) [potion of
                  | mutation]
 26250 | Swamp:4  | Gained mutation: You have sharp toenails. [potion of
                  | mutation]
 26250 | Swamp:4  | Gained mutation: You have a pair of large horns on your
                  | head. [potion of mutation]
 26317 | Swamp:4  | Noticed a tentacled monstrosity
 26331 | Swamp:4  | Killed a tentacled monstrosity
 26632 | Swamp:4  | Noticed the 27-headed Lernaean hydra
 26646 | Swamp:4  | Killed the 27-headed Lernaean hydra
 26647 | Swamp:4  | Reached skill level 5 in Evocations
 26649 | Swamp:4  | Reached skill level 8 in Throwing
 26841 | Swamp:4  | Noticed a thorn hunter
 26849 | Swamp:4  | Killed a thorn hunter
 26859 | Swamp:4  | Got a decaying rune of Zot
 27089 | Snake:1  | Entered Level 1 of the Snake Pit
 27240 | Snake:1  | Reached skill level 16 in Fighting
 27549 | Snake:1  | Reached XP level 17. HP: 158/158 MP: 16/16
 27936 | Snake:2  | Reached skill level 9 in Throwing
 27954 | Snake:2  | Received a gift from Trog
 27955 | Snake:2  | Reached skill level 16 in Armour
 28131 | Snake:2  | Reached skill level 21 in Shields
 28191 | Snake:4  | Entered Level 4 of the Snake Pit
 28205 | Snake:4  | Reached skill level 6 in Evocations
 28273 | Snake:4  | Identified the +1 kite shield of the Barnacle {Int+5}
 28273 | Snake:4  | Noticed Donald
 28280 | Snake:4  | Killed Donald
 28386 | Snake:4  | Noticed Aizul
 28397 | Snake:4  | Killed Aizul
 28796 | Snake:4  | Noticed Vashnia
 28797 | Snake:4  | Reached skill level 10 in Throwing
 28811 | Snake:4  | Killed Vashnia
 28823 | Snake:4  | HP: 15/159 [salamander mystic (6)]
 28824 | Snake:4  | HP: 7/159 [naga (4)]
 28825 | Snake:4  | HP: 3/159 [poisoned by a guardian serpent (bolt of poison)]
 28825 | Snake:4  | Received a gift from Trog
 28830 | Snake:4  | HP: 9/160 [poisoned by a guardian serpent (bolt of poison)]
 28889 | Snake:4  | Got a serpentine rune of Zot
 29745 | Snake:4  | Reached skill level 7 in Evocations
 30264 | Snake:3  | Identified a +1 robe of the Archmagi
 30573 | D:10     | Bought a runed scarf for 264 gold pieces
 30573 | D:10     | Identified a scarf of resistance (You bought it in a shop
                  | on level 10 of the Dungeon)
 30573 | D:10     | Bought a glowing plate armour for 858 gold pieces
 30573 | D:10     | Bought a shiny plate armour for 858 gold pieces
 31018 | Slime:1  | Entered Level 1 of the Pits of Slime
 31018 | Slime:1  | Noticed an acid blob
 31028 | Slime:1  | Killed an acid blob
 31032 | Slime:1  | Reached skill level 22 in Shields
 31113 | Slime:1  | Gained mutation: You tend to lose your temper in combat. [a
                  | shining eye]
 31114 | Slime:1  | Gained mutation: You sometimes lose the ability to read
                  | scrolls when taking damage. [a shining eye]
 31430 | Slime:2  | Reached XP level 18. HP: 168/168 MP: 17/17
 31438 | Slime:2  | Reached skill level 17 in Fighting
 31903 | Slime:3  | Reached skill level 17 in Armour
 32076 | Slime:4  | Received a gift from Trog
 32108 | Slime:5  | Entered Level 5 of the Pits of Slime
 32145 | Slime:5  | Gained mutation: You are partially covered in iridescent
                  | scales. (AC +2) [a shining eye]
 32148 | Slime:5  | Gained mutation: You are weak. (Str -2) [a shining eye]
 32172 | Slime:5  | Reached skill level 8 in Evocations
 32175 | Slime:5  | Noticed the Royal Jelly
 32781 | Slime:5  | Reached skill level 23 in Shields
 32873 | Slime:5  | Gained mutation: You are frail. (-10% HP) [a shining eye]
 32876 | Slime:5  | Lost mutation: You have a pair of large horns on your head.
                  | [a shining eye]
 32888 | Slime:5  | Found a viscous altar of Jiyva.
 32980 | Slime:5  | Killed the Royal Jelly
 33121 | Slime:5  | HP: 19/229 [acid blob/splash of acid[the Royal Jelly] (12)]
 33122 | Slime:5  | HP: 8/229 [acid blob/splash of acid[the Royal Jelly] (9)]
 33123 | Slime:5  | Annihilated by an acid blob

Vanquished Creatures
  the Royal Jelly (Slime:5)
  Vashnia (Snake:4)
  A tentacled monstrosity (Swamp:4)
  Rupert (D:13)
  20 acid blobs
  Gastronok (Lair:1)
  A thorn hunter (Swamp:4)
  Kirke (Lair:6)
  Donald (Snake:4)
  A nagaraja (Snake:4)
  A fenstrider witch (Swamp:4)
  5 rockslimes
  9 azure jellies
  Aizul (Snake:4)
  An orc warlord (Orc:2)
  9 quicksilver oozes
  2 eleionomae
  A stone giant (D:15)
  4 bunyips
  2 dire elephants
  5 great orbs of eyes
  Josephine (Orc:1)
  An ice dragon (D:14)
  9 naga warriors
  4 boulder beetles
  14 hydras
  2 ogre magi (Orc:2)
  2 anacondas
  2 death knights
  13 two-headed ogres
  3 alligators
  A catoblepas (Lair:6)
  2 centaur warriors
  8 death yaks
  3 tengu warriors (D:15)
  13 naga sharpshooters
  3 shock serpents (Snake:4)
  Urug (Lair:6)
  The ghost of agentgt the Grappler, a novice CeCK of Xom (D:11)
  7 salamander mystics (Snake:4)
  A skeletal warrior (D:12)
  A goliath frog (Swamp:4)
  2 spriggan druids (Swamp:3)
  2 deep trolls (Orc:2)
  3 lindwurms
  6 naga ritualists
  8 swamp dragons
  Pikel (D:8)
  2 phantasmal warriors (D:12)
  A deep elf pyromancer (D:13)
  2 orc knights (Orc:1)
  A necromancer (D:14)
  5 mana vipers
  3 orc sorcerers
  4 manticores
  4 shining eyes
  83 slime creatures
  20 ugly things
  8 salamanders
  2 will-o-the-wisps
  27 black mambas
  23 elephants
  7 cyclopes
  3 eyes of devastation (Slime:5)
  11 naga magi
  13 cane toads
  4 guardian serpents
  2 gargoyles (D:12)
  A kobold demonologist (D:11)
  An unseen horror (D:12)
  Psyche (D:8)
  5 rime drakes
  4 torpor snails
  8 yaktaurs
  5 freezing wraiths
  5 komodo dragons
  A meliai (shapeshifter) (D:15)
  A hornet (Swamp:4)
  12 trolls
  6 tyrant leeches
  14 polar bears
  A raiju (Lair:6)
  17 blink frogs
  11 dream sheep
  2 centaur simulacra (D:11)
  A shadow (D:13)
  2 spriggans
  5 wraiths
  4 vampires
  8 basilisks
  35 yaks
  14 wyverns
  16 golden eyes
  A human (D:8)
  A steam dragon (Lair:4)
  4 hogs
  A vampire mosquito (D:6)
  10 wargs
  35 nagas
  4 swamp worms
  4 acid dragons
  26 water moccasins
  14 hell hounds (Lair:6)
  A floating eye (Slime:5)
  2 sky beasts (D:7)
  6 swamp drakes (Swamp:4)
  4 ice beasts (D:11)
  21 orc warriors
  14 black bears
  20 ogres
  A tengu (shapeshifter) (D:14)
  16 centaurs
  24 wolves
  2 lemures (D:8)
  17 bullfrogs
  A kobold brigand (D:10)
  2 wyvern zombies (D:6)
  13 scorpions
  A hornet simulacrum (D:15)
  4 killer bees (D:9)
  5 howler monkeys
  A bullfrog zombie (D:7)
  3 centaur zombies
  2 hounds
  15 orc priests
  Jessica (D:2)
  4 iguanas
  22 orc wizards
  A killer bee zombie (D:5)
  A hound zombie (D:5)
  2 hound skeletons (D:4)
  4 howler monkey zombies
  A howler monkey skeleton (D:5)
  12 adders
  6 gnolls
  4 white imps
  An adder skeleton (D:5)
  3 worms
  A dart slug (D:4)
  86 orcs
  4 endoplasms
  10 giant cockroaches
  6 goblins
  6 hobgoblins
  6 quokkas
  7 ball pythons
  5 bats
  3 frilled lizards
  18 kobolds
  7 rats
  A butterfly (D:6)
1085 creatures vanquished.

Vanquished Creatures (collateral kills)
  the Lernaean hydra (Swamp:4)
  An azure jelly (Slime:5)
  A rockslime (Slime:5)
  4 hydras (Swamp:4)
  A boulder beetle (D:12)
  A naga sharpshooter (Snake:4)
  A shock serpent (Snake:2)
  A naga ritualist (Snake:4)
  A goliath frog (Swamp:4)
  2 swamp dragons (Swamp:4)
  2 guardian serpents (Snake:4)
  3 hornets (Swamp:4)
  6 yaks
  3 spriggans (Swamp:4)
  A basilisk (D:8)
  2 nagas
  2 water moccasins (D:8)
  A swamp drake (Swamp:4)
  A scorpion (D:8)
35 creatures vanquished.

Vanquished Creatures (others)
  A black mamba (Snake:4)
  A human (Lair:6)
  A wolf (Lair:6)
  A briar patch (Swamp:4)
  8 foxfires
  72 fungi
  59 plants
143 creatures vanquished.

Grand Total: 1263 creatures vanquished

Table legend: (Time is in decaauts)
 A = Elapsed time spent in this place.
 B = Non-inter-level travel time spent in this place.
 C = Inter-level travel time spent in this place.
 D = Time resting spent in this place.
 E = Time spent auto-exploring this place.
 F = Levels seen in this place.
 G = Mean time per level.
                   A        B        C        D        E       F      G
               +--------+--------+--------+--------+--------+-----+--------+
         Total |  33607 |  31049 |   2558 |   8549 |  16523 |  36 |  933.5 |
       Dungeon |  17044 |  15637 |   1407 |   3816 |   9338 |  15 | 1136.3 |
          Lair |   8556 |   7795 |    761 |   1710 |   4700 |   6 | 1426.0 |
         Swamp |   1448 |   1298 |    150 |    747 |     48 |   4 |  362.0 |
     Snake Pit |   3378 |   3261 |    117 |   1079 |   1405 |   4 |  844.5 |
    Slime Pits |   2058 |   2026 |     32 |   1139 |    395 |   5 |  411.6 |
  Orcish Mines |   1121 |   1033 |     88 |     57 |    637 |   2 |  560.5 |
               +--------+--------+--------+--------+--------+-----+--------+

Top non-repeatable levels by time:
  Lair:6: 2190 daAuts
 Snake:4: 2038 daAuts
  Lair:2: 1737 daAuts
     D:3: 1686 daAuts
  Lair:4: 1392 daAuts
     D:9: 1330 daAuts
    D:13: 1305 daAuts
     D:4: 1254 daAuts
     D:2: 1247 daAuts
  Lair:1: 1204 daAuts
     D:7: 1179 daAuts
    D:15: 1144 daAuts
  Lair:3: 1124 daAuts
     D:8: 1104 daAuts
    D:10: 1099 daAuts

Table legend:
 A = Non-vault XP
 B = Vault XP
 C = Vault XP percentage of total XP
 D = Non-vault monster count
 E = Vault monster count
 F = Vault count percentage of total count
                 A         B        C        D         E       F
            +---------+---------+-------+---------+---------+-------
      Total |  221438 |  143100 |  39.3 |     773 |     329 |  29.9
            +---------+---------+-------+---------+---------+-------
        D:1 |      30 |       0 |   0.0 |      21 |       0 |   0.0
        D:2 |      71 |      37 |  34.3 |      19 |       1 |   5.0
        D:3 |     452 |      13 |   2.8 |      36 |       6 |  14.3
        D:4 |     566 |       0 |   0.0 |      31 |       0 |   0.0
        D:5 |     104 |       0 |   0.0 |       8 |       0 |   0.0
        D:6 |    1356 |     847 |  38.4 |      20 |      12 |  37.5
        D:7 |    1213 |       0 |   0.0 |      26 |       0 |   0.0
        D:8 |    1024 |    4746 |  82.3 |       8 |      23 |  74.2
        D:9 |    1298 |    1422 |  52.3 |      15 |       7 |  31.8
       D:10 |     772 |       0 |   0.0 |      19 |       0 |   0.0
       D:11 |    3873 |    2066 |  34.8 |      19 |      13 |  40.6
       D:12 |   11791 |       0 |   0.0 |      29 |       0 |   0.0
       D:13 |    8699 |    1745 |  16.7 |      30 |       1 |   3.2
       D:14 |    6548 |    1824 |  21.8 |      11 |       3 |  21.4
       D:15 |   11523 |    2634 |  18.6 |      22 |       3 |  12.0
     Lair:1 |    4706 |    1507 |  24.3 |      21 |       1 |   4.5
     Lair:2 |    6375 |    3392 |  34.7 |      31 |      15 |  32.6
     Lair:3 |    7897 |     997 |  11.2 |      25 |       4 |  13.8
     Lair:4 |   10146 |   13810 |  57.6 |      35 |      26 |  42.6
     Lair:5 |     588 |    2848 |  82.9 |       3 |      13 |  81.2
     Lair:6 |    4214 |   22240 |  84.1 |      15 |      79 |  84.0
    Swamp:1 |    3498 |       0 |   0.0 |       5 |       0 |   0.0
    Swamp:2 |    3998 |       0 |   0.0 |       6 |       0 |   0.0
    Swamp:3 |    3396 |       0 |   0.0 |       7 |       0 |   0.0
    Swamp:4 |   14766 |   17410 |  54.1 |      23 |      25 |  52.1
    Snake:1 |    5610 |       0 |   0.0 |      14 |       0 |   0.0
    Snake:2 |   12954 |       0 |   0.0 |      26 |       0 |   0.0
    Snake:3 |    7268 |       0 |   0.0 |      15 |       0 |   0.0
    Snake:4 |   20214 |   23094 |  53.3 |      39 |      37 |  48.7
    Slime:1 |   10655 |       0 |   0.0 |      27 |       0 |   0.0
    Slime:2 |   10580 |       0 |   0.0 |      30 |       0 |   0.0
    Slime:3 |   17158 |       0 |   0.0 |      30 |       0 |   0.0
    Slime:4 |   10094 |       0 |   0.0 |      20 |       0 |   0.0
    Slime:5 |    9350 |   25874 |  73.5 |      12 |      18 |  60.0
      Orc:1 |    4324 |    1715 |  28.4 |      36 |       5 |  12.2
      Orc:2 |    4327 |   14879 |  77.5 |      39 |      37 |  48.7
            +---------+---------+-------+---------+---------+-------
